Map: Pillars of Gold LE

Players

ProxyVoidray

  • Race: Protoss Protoss
  • League: Master
  • Spawn Location: 1:00

III - Winner!

  • Race: Zerg Zerg
  • League: Master
  • Spawn Location: 7:00

VOD

Have the link to the VOD?

Description

Time

  • Played on: Dec. 9, 2020, 10:51 p.m.
  • Length: 13:31
Show
View Real Time Build Order
Export as new Build Order

ProxyVoidray Protoss 

Build Orders: 1 Gate Expand, Oracle Opening 

Get SALT Encoding   

  12  0:00  Probe  
  13  0:12  Probe  
  14  0:21  Pylon  
  14  0:25  Probe  
  15  0:39  Probe (Chrono Boost)  
  15  0:42  Gateway  
  16  0:48  Assimilator  
  17  0:51  Probe (Chrono Boost)  
  17  0:57  Probe (Chrono Boost)  
  18  1:07  Probe  
  19  1:19  Probe  
  20  1:28  Nexus  
  20  1:36  Probe  
  21  1:41  Cybernetics Core  
  21  1:48  Zealot  
  23  1:55  Pylon  
  22  2:09  Probe  
  22  2:11  Assimilator  
  23  2:16  Adept (Chrono Boost)  
  23  2:21  Probe  
  26  2:24  Warp Gate  
  26  2:30  Gateway  
  26  2:35  Probe (Chrono Boost)  
  27  2:42  Probe (Chrono Boost)  
  28  2:46  Probe (Chrono Boost)  
  28  2:49  Probe (Chrono Boost)  
  30  2:52  Probe (Chrono Boost)  
  30  2:56  Probe  
  34  3:01  Adept (Chrono Boost)  
  34  3:04  Stargate  
  34  3:07  Probe  
  34  3:10  Probe  
  36  3:18  Gateway  
  34  3:21  Sentry (Chrono Boost)  
  34  3:25  Shield Battery  
  36  3:34  Adept (Chrono Boost)  
  38  3:39  Probe x2  
  42  3:45  Adept (Chrono Boost)  
  41  3:50  Oracle  
  41  3:51  Probe  
  43  4:20  Adept  
  44  4:32  Probe x2  
  46  5:03  Pylon  
  46  5:05  Pylon  
  46  5:08  Assimilator  
  46  5:16  Assimilator  
  46  5:21  Pylon, Probe x2 (Chrono Boost)  
  48  5:33  Probe x2 (Chrono Boost)  
  48  5:34  Phoenix x2  
  50  5:38  Probe x2 (Chrono Boost)  
  52  5:47  Probe x2  
  52  5:49  Phoenix  
  53  5:54  Assimilator  
  53  5:58  Stalker  
  53  5:59  Probe, Assimilator  
  54  6:19  Phoenix  
  54  6:22  Probe (Chrono Boost)  
  54  6:23  Probe (Chrono Boost)  
  57  6:33  Probe x2 (Chrono Boost)  
  57  6:36  Shield Battery  
  57  6:38  Probe x2 (Chrono Boost)  
  58  6:44  Phoenix (Chrono Boost)  
  58  6:49  Probe x2  
  59  7:01  Probe x2  
  60  7:03  Void Ray (Chrono Boost)  
  61  7:11  Stalker  
  61  7:13  Probe  
  62  7:17  Pylon  
  62  7:18  Pylon  
  62  7:27  Pylon  
  62  7:31  Void Ray (Chrono Boost)  
  62  7:35  Probe x2  
  66  8:00  Void Ray (Chrono Boost)  
  66  8:02  Probe x2  
  66  8:04  Twilight Council  
  68  8:11  Forge  
  72  8:14  Robotics Facility, Probe x2  
  72  8:16  Fleet Beacon  
  72  8:17  Zealot  
  72  8:18  Zealot x2  
  80  8:30  Probe x2  
  80  8:33  Pylon  
  82  8:36  Pylon  
  82  8:38  Pylon  
  82  8:42  Probe  
  82  8:46  Void Ray (Chrono Boost)  
  86  9:04  Shield Battery  
  86  9:08  Stargate, Shield Battery  
  92  9:27  Warp Prism, Robotics Bay  
  94  9:34  Photon Cannon  
  94  9:38  Photon Cannon  
  94  9:40  Photon Cannon  
  94  9:51  Carrier (Chrono Boost)  
  94  9:53  Tempest  
  94  9:57  Zealot  
  101  10:19  Pylon  
  101  10:26  Pylon  
  101  10:28  Pylon  
  101  10:29  Pylon  
  101  10:31  Pylon  
  101  10:46  Disruptor  
  109  10:52  Tempest (Chrono Boost)  
  109  10:54  Tempest (Chrono Boost)  
  81  11:19  Nexus  
  81  11:20  Pylon  
  79  11:30  Disruptor  
  92  11:37  Carrier (Chrono Boost)  
  86  11:53  Photon Cannon, Gateway  
  86  12:04  Nexus  
  86  12:06  Pylon  
  86  12:07  Observer  
  87  12:41  Gateway  
  87  12:42  Gateway  
  87  12:47  Gateway  
  80  13:08  Gateway  
  69  13:19  Nexus  
Show
View Real Time Build Order
Export as new Build Order

III Zerg - Winner!

Build Orders: Pool First 

Get SALT Encoding   

  12  0:01  Drone  
  13  0:12  Overlord  
  13  0:18  Drone  
  14  0:32  Drone x2  
  16  0:37  Extractor, Drone  
  16  0:49  Spawning Pool  
  15  0:53  Drone  
  16  0:57  Drone  
  17  1:08  Drone  
  18  1:18  Drone  
  19  1:36  Queen, Zergling x2  
  19  1:38  Metabolic Boost  
  22  1:41  Overlord  
  22  2:11  Hatchery, Drone  
  22  2:13  Overlord  
  22  2:17  Lair  
  22  2:28  Zergling x2  
  22  2:29  Zergling x2  
  24  2:42  Overlord  
  24  2:44  Zergling x4  
  24  2:45  Zergling x2  
  24  2:46  Zergling x2  
  28  2:58  Drone  
  28  3:21  Drone x2  
  28  3:22  Queen  
  28  3:24  Drone  
  33  3:33  Drone x4  
  37  3:37  Drone  
  38  3:46  Drone x2  
  40  3:54  Drone  
  41  4:02  Spire  
  40  4:03  Overlord  
  40  4:04  Extractor  
  40  4:05  Extractor x2  
  40  4:06  Drone x3  
  39  4:21  Overlord  
  39  4:23  Drone x2  
  41  4:28  Overlord  
  41  4:40  Spore Crawler  
  41  4:41  Spore Crawler  
  41  4:42  Drone x2  
  41  4:43  Drone x3  
  43  4:48  Drone  
  43  4:51  Evolution Chamber  
  40  4:54  Drone  
  40  5:01  Evolution Chamber  
  40  5:06  Drone  
  40  5:07  Roach Warren  
  39  5:14  Mutalisk  
  39  5:15  Mutalisk  
  43  5:23  Mutalisk  
  43  5:25  Mutalisk  
  47  5:30  Mutalisk  
  49  5:36  Mutalisk  
  50  5:51  Drone  
  50  5:52  Drone x6  
  57  6:02  Nydus Network  
  56  6:09  Drone x3  
  57  6:26  Roach x5  
  57  6:27  Roach  
  67  6:41  Nydus Canal  
  67  6:43  Roach x3  
  67  6:44  Roach  
  75  6:48  Queen  
  75  6:53  Roach  
  75  6:59  Ravager x3  
  72  7:10  Roach x2  
  76  7:21  Queen  
  76  7:27  Overlord x4  
  76  7:33  Spore Crawler x2  
  71  7:45  Spore Crawler, Queen  
  73  7:52  Roach x4  
  73  7:54  Roach x3  
  73  7:55  Spore Crawler  
  87  8:02  Queen  
  89  8:06  Roach x3  
  89  8:08  Ravager x3  
  89  8:09  Ravager  
  89  8:11  Ravager  
  100  8:14  Overseer  
  100  8:16  Overseer  
  100  8:30  Overlord x2  
  100  8:31  Overlord  
  100  8:48  Queen x2  
  100  8:51  Ravager x5  
  100  8:52  Ravager x2  
  111  9:24  Queen x2  
  115  9:40  Overlord  
  115  9:52  Overlord  
  115  9:53  Overlord  
  115  9:59  Queen x2  
  116  10:35  Queen x2  
  109  11:11  Queen x2  
  102  11:19  Zerg Flyer Weapons Level 1  
  102  11:20  Corruptor x2  
  102  11:21  Corruptor x6  
  102  11:22  Corruptor x6  
  102  11:23  Corruptor x2  
  129  12:47  Overlord  
  129  12:48  Overlord x5  
  129  12:49  Overlord  
  129  12:51  Overlord x2  
Tags
 
Add a new tag
Caveats
  • Supply blocks, unpowered buildings, or Contaminate may cause inaccurate times.
  • Supply counts are checked every 10 seconds.